Map: Ascension to Aiur LE

Players

Winthrowe

  • Race: Terran Terran
  • Spawn Location: 11:00

A.I. 1 (Hard) - Winner!

  • Race: Terran Terran
  • Spawn Location: 5:00

VOD

Have the link to the VOD?

Description

Time

  • Played on: Aug. 16, 2017, 9:31 p.m.
  • Length: 18:07
Show
View Real Time Build Order
Export as new Build Order

Winthrowe Terran 

Build Orders:  

Get SALT Encoding   

  12  0:18  Supply Depot  
  12  0:30  Supply Depot  
  12  0:33  SCV  
  13  0:48  Barracks  
  13  1:06  SCV  
  13  1:07  Refinery  
  14  1:18  SCV  
  14  1:23  Barracks  
  15  1:37  SCV  
  16  1:53  Marine  
  17  2:14  Engineering Bay  
  17  2:24  Command Center  
  17  2:31  Barracks Tech Lab  
  17  2:48  Barracks Reactor  
  17  2:58  Marauder  
  19  3:17  Refinery  
  19  3:19  Marine  
  20  3:35  Refinery  
  20  3:37  Marine x2  
  23  3:42  Refinery  
  23  3:46  Marauder  
  24  3:54  SCV  
  24  3:55  Marine  
  26  4:06  SCV  
  26  4:07  Marauder  
  29  4:15  Planetary Fortress  
  29  4:29  Marauder  
  31  4:33  SCV  
  32  4:50  Marauder  
  34  5:03  SCV x2  
  36  5:12  Marauder  
  38  5:15  SCV x2  
  38  5:27  SCV  
  32  5:36  Terran Infantry Armor Level 1  
  32  5:39  Marauder  
  34  5:43  SCV  
  35  6:01  Marauder  
  35  6:22  Combat Shields, Marauder  
  37  6:40  Orbital Command  
  37  6:44  Marauder  
  37  6:45  SCV  
  40  6:52  Reaper x2  
  42  6:58  SCV  
  43  7:05  Marauder  
  45  7:10  SCV  
  46  7:30  Terran Infantry Weapons Level 1  
  46  7:41  Stimpack  
  46  7:45  Supply Depot  
  46  7:56  Factory  
  46  8:06  SCV x2  
  46  8:07  Marauder  
  46  8:08  Supply Depot  
  50  8:18  SCV x2  
  52  8:28  Marauder  
  52  8:30  Supply Depot  
  52  8:31  SCV x2  
  56  8:43  SCV x2  
  58  8:49  Armory, Marauder  
  58  8:54  Supply Depot  
  58  8:55  Marine, SCV x2  
  62  8:56  Marine  
  64  9:11  Marauder  
  64  9:13  Marine  
  64  9:14  Marine  
  67  9:31  Marine x2  
  67  9:32  Marauder  
  71  9:42  Concussive Shells  
  71  9:43  Terran Infantry Weapons Level 2  
  71  9:49  Marine x2  
  63  9:54  Engineering Bay, Marauder  
  52  10:07  Marine x2  
  52  10:15  Marauder  
  54  10:22  Terran Infantry Armor Level 2  
  54  10:24  Marine  
  54  10:25  Marine  
  56  10:36  Marauder  
  56  10:40  Cyclone  
  56  10:42  Marine  
  61  10:43  Marine  
  63  10:58  Marauder  
  63  11:00  Marine  
  63  11:01  Marine  
  63  11:03  Starport  
  67  11:12  Cyclone  
  67  11:18  Marine x2  
  71  11:19  Marauder  
  71  11:23  Barracks  
  74  11:36  Marine x2  
  76  11:50  Supply Depot  
  76  11:53  Marine  
  77  11:54  Marine  
  77  11:56  Barracks Reactor  
  77  11:59  Cyclone  
  81  12:11  Marine  
  81  12:12  Marine  
  81  12:13  Supply Depot  
  83  12:29  Marine  
  84  12:30  Marine  
  84  12:31  Cyclone  
  84  12:36  Raven, Supply Depot  
  90  12:47  Marine x2, Starport  
  90  12:50  Marine  
  90  12:51  Marine x2  
  95  12:58  Terran Infantry Weapons Level 3  
  95  12:59  Terran Infantry Armor Level 3, Supply Depot  
  95  13:03  Cyclone  
  95  13:05  Marine x2  
  99  13:08  Marine x3  
  93  13:18  Medivac  
  84  13:23  Marine x2  
  84  13:26  Marine x3  
  76  13:35  Cyclone  
  76  13:40  Marine  
  76  13:41  Marine  
  80  13:43  Marine  
  80  13:44  Marine x2  
  84  13:48  Medivac  
  86  13:58  Marine  
  86  13:59  Marine  
  86  14:01  Marine  
  86  14:02  Marine x2  
  91  14:07  Cyclone  
  93  14:16  Marine x2  
  78  14:19  Marine  
  78  14:20  Marine x2  
  68  14:34  Marine x2, Viking  
  68  14:37  Marine x3  
  75  14:39  Cyclone  
  78  14:52  Marine x2  
  80  14:55  Marine x3  
  83  15:04  Viking  
  85  15:09  Marine  
  85  15:10  Marine  
  85  15:11  Cyclone  
  85  15:13  Marine x3  
  93  15:27  Marine  
  93  15:28  Marine  
  76  15:30  Marine  
  76  15:31  Marine x2  
  61  15:43  Cyclone  
  61  15:45  Marine  
  61  15:46  Marine  
  61  15:48  Marine  
  61  15:49  Marine  
  69  15:50  Starport Reactor  
  69  16:00  Barracks Reactor  
  68  16:19  Marine  
  68  16:20  Marine x3  
  72  16:37  Marine x3  
  72  16:38  Marine  
  54  16:55  Marine x4  
  42  17:13  Marine x4  
Show
View Real Time Build Order
Export as new Build Order

A.I. 1 (Hard) Terran - Winner!

Build Orders: MMM Bio 

Get SALT Encoding   

  12  0:00  SCV  
  13  0:13  SCV  
  14  0:19  Supply Depot  
  14  0:25  SCV  
  15  0:40  SCV  
  15  0:42  Barracks  
  16  0:49  Refinery  
  16  0:53  SCV  
  17  1:05  SCV  
  18  1:17  SCV  
  19  1:22  Supply Depot  
  19  1:28  Marine  
  19  1:29  SCV  
  21  1:41  Barracks  
  21  1:43  Orbital Command  
  21  1:46  Marine  
  22  1:50  Refinery  
  22  2:05  Barracks Tech Lab  
  22  2:07  Supply Depot  
  22  2:23  Marine  
  23  2:30  Marine  
  24  2:41  Marine  
  25  2:48  Marine  
  25  2:50  Supply Depot  
  26  2:55  SCV  
  27  2:59  Marine  
  28  3:05  Marine  
  28  3:07  SCV  
  28  3:08  Engineering Bay  
  30  3:17  Marine  
  30  3:19  SCV  
  32  3:25  Supply Depot  
  32  3:31  SCV  
  33  3:35  Marauder  
  35  3:44  SCV  
  36  3:56  SCV  
  36  3:57  Marauder  
  39  4:18  Marauder  
  41  4:39  Marauder  
  42  5:11  Barracks Tech Lab  
  42  5:12  Terran Infantry Weapons Level 1, Stimpack, Reaper  
  42  5:14  Factory  
  43  5:17  Factory  
  43  5:18  Command Center  
  43  5:19  Missile Turret  
  43  5:20  Missile Turret  
  40  5:29  Marine, Combat Shields  
  40  5:44  Marine  
  40  5:47  Reaper  
  40  5:49  Supply Depot  
  42  6:00  Starport  
  42  6:01  Marine  
  42  6:03  Starport, Factory Tech Lab  
  42  6:04  Factory Tech Lab  
  43  6:06  Bunker  
  43  6:20  Marine, Marauder  
  46  6:31  SCV  
  46  6:32  SCV  
  48  6:33  Barracks  
  48  6:37  Refinery  
  48  6:39  Marauder  
  50  6:40  Missile Turret, Starport Tech Lab x2  
  50  6:41  Marine  
  50  6:43  Missile Turret, SCV  
  50  6:44  SCV  
  53  6:47  Concussive Shells  
  53  6:55  SCV  
  53  6:56  SCV  
  53  7:00  Raven  
  53  7:01  Raven  
  57  7:03  Bunker  
  57  7:06  Terran Infantry Armor Level 1  
  57  7:07  SCV  
  60  7:08  SCV  
  61  7:15  Sensor Tower  
  61  7:19  SCV  
  61  7:20  SCV  
  63  7:27  Armory, Barracks Reactor  
  63  7:31  SCV  
  63  7:33  SCV  
  65  7:43  SCV  
  66  7:45  SCV  
  67  7:55  SCV  
  67  7:57  SCV, Refinery  
  69  8:00  Supply Depot  
  69  8:07  SCV  
  69  8:09  SCV  
  71  8:20  SCV  
  71  8:21  SCV  
  72  8:32  SCV  
  73  9:13  Marine, Terran Infantry Weapons Level 2, Medivac x2  
  73  9:14  Supply Depot  
  77  9:17  Marine  
  77  9:19  Terran Vehicle Weapons Level 1  
  77  9:21  Marine  
  78  9:24  Marine, Engineering Bay, Command Center  
  79  9:31  Marine  
  79  9:35  Marine  
  81  9:40  Ghost Academy  
  81  9:42  Supply Depot  
  81  9:43  Raven, Medivac  
  85  9:48  Marine  
  85  9:49  Terran Infantry Armor Level 2  
  85  9:52  Marine  
  80  9:55  Marine  
  80  9:59  Marine, Fusion Core  
  77  10:06  Marine  
  78  10:09  Marine  
  78  10:11  Armory  
  78  10:13  Marine  
  80  10:17  Marine  
  81  10:24  Marine  
  81  10:27  Marine  
  83  10:31  Marauder  
  85  10:36  SCV  
  85  10:38  SCV  
  85  10:39  SCV  
  88  10:45  Ghost  
  88  10:48  SCV  
  88  10:49  Refinery  
  91  10:50  Missile Turret, SCV  
  91  10:51  SCV  
  91  10:54  Missile Turret  
  91  10:56  Refinery  
  93  10:58  Terran Vehicle And Ship Armor Level 1  
  93  11:00  SCV  
  93  11:02  SCV  
  93  11:03  SCV  
  96  11:12  SCV  
  96  11:13  Terran Ship Weapons Level 1, Bunker  
  96  11:14  SCV  
  96  11:15  SCV  
  99  11:24  SCV  
  100  11:26  SCV  
  100  11:28  SCV  
  102  12:43  Terran Infantry Armor Level 3, Hellion, Terran Infantry Weapons Level 3  
  104  12:45  Supply Depot  
  104  12:46  Siege Tank  
  107  12:52  Terran Vehicle Weapons Level 2  
  107  13:02  Command Center  
  107  13:04  Siege Tank  
  110  13:07  Terran Vehicle And Ship Armor Level 2  
  110  13:10  Supply Depot  
  109  13:16  Marine  
  109  13:18  Siege Tank  
  88  13:20  Marine  
  88  13:23  Marine  
  86  13:27  Marine  
  87  13:34  Marine  
  87  13:35  Supply Depot  
  87  13:36  Siege Tank  
  87  13:38  Marine  
  92  13:41  Marine  
  92  13:45  Marine  
  94  13:52  Marine  
  95  13:55  Marine  
  95  13:59  Marine  
  97  14:03  Marine  
  97  14:04  Thor  
  97  14:08  Hellion  
  105  14:15  SCV  
  105  14:16  Marine, SCV  
  104  14:22  Marine, High Capacity Fuel Tanks, Refinery  
  104  14:25  Missile Turret  
  104  14:29  Missile Turret  
  104  14:30  Hellion  
  104  14:31  Refinery  
  106  14:47  Siege Tank  
  106  14:49  Bunker  
  106  14:51  Hellion  
  111  15:08  Terran Ship Weapons Level 2  
  111  15:13  Hellion, Infernal Pre-Igniter  
  113  15:19  Siege Tank  
  113  15:20  Building Armor, Neosteel Frame, SCV  
  115  15:22  SCV  
  115  15:23  Terran Vehicle Weapons Level 3  
  115  15:25  Marine  
  110  15:29  Marine  
  110  15:33  Marine  
  110  15:37  Hellion  
  110  15:40  Marine  
  113  15:43  Marine  
  114  15:51  Siege Tank  
  117  15:58  Hellion  
  119  16:05  Marauder  
  119  16:08  Marauder  
  119  16:09  Marine  
  119  16:10  Supply Depot  
  124  16:12  Marine  
  125  16:19  Widow Mine  
  125  16:22  Widow Mine  
  129  16:26  Marine  
  129  16:27  Marine  
  129  16:28  Marine  
  129  16:29  Marine  
  133  16:39  Hi-Sec Auto Tracking  
  133  16:42  Supply Depot  
  133  16:45  Marine, Marauder  
  133  16:46  Ghost  
  138  16:48  Marine, Siege Tank  
  139  17:03  Marine  
  139  17:05  Marine  
  139  17:06  Marauder  
  137  17:15  Marine  
  134  17:19  Command Center  
  134  17:21  Marine  
  135  17:23  Marine  
  135  17:27  Marine  
  137  17:33  Marauder  
  139  17:39  Marine  
  140  17:45  Marauder  
Tags
 
Composition
MMM Bio
Matchup
TvT
Race
Terran
Spawn Locations
Cross Positions
Add a new tag
Caveats
  • Supply blocks, unpowered buildings, or Contaminate may cause inaccurate times.
  • Supply counts are checked every 10 seconds.